 Dungeon Crawl Stone Soup version 0.25-a0-1119-g28b6fd0c3b (webtiles) character file.

Game seed: 12673004653836782537, levelgen mode: deterministic

536 Esekla the Magician (level 7, -3/45 HPs)
             Began as an Octopode Wizard on May 17, 2020.
             Was a Believer of Qazlal.
             Slain by an ogre
             ... wielding a cursed +0 giant spiked club
              (30 damage)
             ... on level 5 of the Dungeon.
             The game lasted 00:36:36 (6015 turns).

Esekla the Magician (Octopode Wizard)               Turns: 6015, Time: 00:36:36

Health: -3/45      AC:  1    Str:  8    XL:     7   Next: 25%
Magic:  11/14      EV: 13    Int: 21    God:    Qazlal [**....]
Gold:   150        SH:  2    Dex: 10    Spells: 6/15 levels left

rFire    + . .     SeeInvis .   l - +1 falchion
rCold    . . .     Gourm    .   (no shield)
rNeg     . . .     Faith    .   a - +0 hat
rPois    .         Spirit   .   x - amulet of inaccuracy (curse)
rElec    .         Reflect  .   g - ring of protection from fire
rCorr    .         Harm     .   (no ring)
MR       .....                  (no ring)
Stlth    +++.......             (no ring)
HPRegen  0.15/turn              (no ring)
MPRegen  0.14/turn              (no ring)
                                (no ring)
                                (no ring)

@: no status effects
A: almost no armour, stealthy swim, amphibious, 8 rings, constrict 8, camouflage
1, gelatinous body 1
a: Upheaval, Renounce Religion


You were on level 5 of the Dungeon.
You worshipped Qazlal.
Qazlal was pleased with you.
You were not hungry.

You visited 1 branch of the dungeon, and saw 5 of its levels.

You collected 150 gold pieces.

Inventory:

Hand Weapons
 l - a +1 falchion (weapon)
 q - a +2 short sword of holy wrath
Missiles
 i - 7 poisoned darts (quivered)
 m - 3 boomerangs
Armour
 a - a +0 hat (worn)
Jewellery
 g - a ring of protection from fire (left tentacle)
 v - an uncursed ring of fire
 x - a cursed amulet of inaccuracy (around mantle)
 z - an uncursed amulet of regeneration
Wands
 r - a wand of enslavement (8)
Scrolls
 b - 4 scrolls of identify
 d - 3 scrolls of teleportation
 f - a scroll of amnesia
Potions
 e - a potion of mutation {unknown}
 h - a potion of flight
 k - a potion of cancellation
 n - a potion of lignification {unknown}
 p - a potion of degeneration {unknown}
 s - a potion of might {unknown}
 t - a potion of brilliance {unknown}
 u - 2 potions of resistance {unknown}
 w - a potion of stabbing {unknown}
Comestibles
 c - a ration


   Skills:
 * Level 2.5 Fighting
 + Level 0.6(1.5) Short Blades
 * Level 2.1(2.2) Long Blades
 + Level 0.1 Throwing
 + Level 2.7 Dodging
 - Level 2.6 Stealth
 * Level 4.7 Spellcasting
 + Level 1.9 Conjurations
   Level 1.0 Summonings
 * Level 2.1 Translocations
 * Level 1.7 Air Magic
 * Level 2.7 Poison Magic


You had 6 spell levels left.
You knew the following spells:

 Your Spells              Type           Power        Failure   Level  Hunger
a - Magic Dart            Conj           ##..         4%          1    None
b - Blink                 Tloc           N/A          7%          2    None
c - Mephitic Cloud        Conj/Pois/Air  ##......     14%         3    ##.....
f - Conjure Flame         Conj/Fire      #.......     22%         3    ##.....

Your spell library contained the following spells:

 Spells                   Type           Power        Failure   Level  Hunger
 Call Imp                 Summ           #.......     11%         2    None
 Slow                     Hex            #.......     17%         2    None


Dungeon Overview and Level Annotations

Branches:
Dungeon (5/15)
 Temple: D:4-7

Altars:
Kikubaaqudgha
Qazlal
Wu Jian

Annotations:
D:2 Sigmund


Innate Abilities, Weirdness & Mutations

You cannot wear most types of armour.
You are very stealthy in the water. (Stealth+)
You are amphibious.
You can wear up to eight rings at the same time.
You can use your tentacles to constrict eight enemies at once.
Your skin changes colour to match your surroundings (Stealth+).
Your rubbery body absorbs attacks. (AC +1, EV +1)


Message History

You now have 150 gold pieces (gained 14).
Found a stone staircase leading down.
There is a stone staircase leading down here.
The ogre shouts!
Casting: Magic Dart (safe; 4% risk of failure)
Confirm with . or Enter, or press ? or * to list all spells.
Aiming: Mephitic Cloud (dangerous; 14% risk of failure)
Press: ? - help, Shift-Dir - straight line, f - ogre
Aim: an ogre, wielding a +0 giant spiked club The ball explodes into a vile cloud!
The stinking cloud engulfs the ogre but does no damage.
The ogre is engulfed in noxious fumes.
The ogre appears confused.
You hit the ogre. You squeeze the ogre!
The ogre is heavily wounded.
The ogre hits you with a cursed +0 giant spiked club!!
You hit the ogre.
The ogre is heavily wounded.
The ogre hits you with a cursed +0 giant spiked club!!
Ouch! That really hurt!
You die...

#......#..#####.######
.##.#####c..# #.#
................# #.#
........######.## #.#
###..#..### #.# #.#
#..#.!○.. #.# #.# ...
...°○○ (.######.# # ##.
#.###O#####...##.######
#. #.
#..@.......##.##....
#..#####...##.##.###
#.. ##.###÷##.# # #..
#.# #.<..# #.. #.#
###### ... #.# ###. #>#
#. #.########
#........#


You could see an ogre (confused).

Vanquished Creatures
  An ogre (D:4)
  A centaur (D:3)
  A hound (D:3)
  A jelly (D:4)
  Crazy Yiuf (D:4)
  Terence (D:3)
  A worker ant (D:4)
  A hound skeleton (D:4)
  7 gnolls
  9 adders
  A howler monkey skeleton (D:4)
  An ooze (D:4)
  An adder skeleton (D:5)
  A worm (D:3)
  2 dart slugs (D:3)
  3 leopard geckos
  6 orcs
  A giant cockroach (D:3)
  6 goblins
  5 hobgoblins
  6 jackals
  2 quokkas
  4 ball pythons
  8 bats
  3 frilled lizards
  8 kobolds
  A leopard gecko skeleton (D:4)
  A quokka skeleton (D:4)
  11 rats
95 creatures vanquished.

Notes
Turn   | Place    | Note
-------+----------+-------------------------------------------
     0 | D:1      | Esekla the Octopode Wizard began the quest for the Orb.
     0 | D:1      | Reached XP level 1. HP: 11/11 MP: 4/4
   445 | D:2      | Found a stormy altar of Qazlal.
   453 | D:2      | Became a worshipper of Qazlal Stormbringer
   618 | D:1      | Reached XP level 2. HP: 17/17 MP: 3/6
   622 | D:1      | Learned a level 2 spell: Blink
  1103 | D:2      | Reached skill level 1 in Fighting
  1103 | D:2      | Reached XP level 3. HP: 23/23 MP: 7/7
  1108 | D:2      | Learned a level 3 spell: Mephitic Cloud
  1281 | D:2      | Noticed Sigmund
  2089 | D:4      | Reached XP level 4. HP: 23/29 MP: 7/9
  2281 | D:3      | Reached * piety under Qazlal
  2624 | D:3      | Reached skill level 1 in Poison Magic
  2642 | D:3      | Found an ancient bone altar of Kikubaaqudgha.
  2795 | D:3      | Reached skill level 4 in Spellcasting
  2795 | D:3      | Reached XP level 5. HP: 30/34 MP: 6/11
  2949 | D:3      | Found an ornate altar of the Wu Jian Council.
  3168 | D:3      | Noticed a centaur
  3306 | D:3      | Noticed Terence
  3315 | D:3      | Killed Terence
  3315 | D:3      | Reached skill level 1 in Air Magic
  3741 | D:4      | Reached skill level 1 in Long Blades
  3769 | D:4      | Reached XP level 6. HP: 32/39 MP: 10/12
  4202 | D:4      | Reached ** piety under Qazlal
  4311 | D:5      | Entered Level 5 of the Dungeon
  4741 | D:4      | Learned a level 3 spell: Conjure Flame
  4787 | D:4      | Found a runed translucent door.
  4788 | D:4      | Noticed Crazy Yiuf
  4806 | D:4      | Killed Crazy Yiuf
  5056 | D:3      | Reached XP level 7. HP: 45/45 MP: 2/13
  6015 | D:5      | Slain by an ogre

Illustrated notes

Levels and vault maps discovered:
D:1:      grunt_arrival_crossed_arrows, layout_loops_ring
D:2:      layout_basic, nicolae_qazlal_general_emergency, minivault_25,
          uniq_sigmund
D:3:      cheibrodos_helix_gallery, layout_basic,
          nicolae_overflow_crystal_walls, kiku_gazebo_garden_becter,
          uniq_terence
D:4:      cheibrodos_old_hovel, layout_basic, uniq_crazy_yiuf_cottage
D:5:      layout_loops_ring, nicolae_tso_besieged_by_evil, temple_hall,
          basic_altar, first_ration, serial_park_tiny_2, lemuel_angel_altar

Skill      XL: |  1  2  3  4  5  6  7 |
---------------+----------------------+-----
Fighting       | 1 2 |  2.5
Poison Magic   | 1 2 |  2.7
Spellcasting   | 4 |  4.7
Air Magic      | 1 |  1.7
Long Blades    | 1 2 |  2.1
Translocations | 2 |  2.1
Short Blades   | |  0.6
Throwing       | |  0.1
Dodging        | |  2.7
Stealth        | |  2.6
Conjurations   | |  1.9
Summonings     | |  1.0

Action                   |  1- 3 |  4- 6 |  7- 9 || total
-------------------------+-------+-------+-------++-------
Melee: Unarmed           |     4 |       |       ||     4
       Constrict         |     6 |    36 |     5 ||    47
       Short sword       |    21 |     7 |       ||    28
       Tentacles         |     3 |    20 |     4 ||    27
       Falchion          |       |   106 |    30 ||   136
Throw: Dart              |     2 |     7 |       ||     9
 Cast: Magic Dart        |    51 |    55 |    10 ||   116
       Blink             |     1 |     2 |     4 ||     7
       Mephitic Cloud    |       |     6 |     1 ||     7
  Use: Scroll            |     1 |     3 |     5 ||     9
 Stab: Sleeping          |     6 |     1 |       ||     7
  Eat: Chunk             |     2 |    10 |     1 ||    13
       Ration            |       |       |     1 ||     1
Armor: Skin              |     5 |    10 |     6 ||    21
Dodge: Dodged            |    19 |    73 |    27 ||   119
Block: Other             |       |     7 |     3 ||    10
       Rpst.: Falchion   |       |    18 |    10 ||    28

Table legend:
 A = Non-vault XP
 B = Vault XP
 C = Vault XP percentage of total XP
 D = Non-vault monster count
 E = Vault monster count
 F = Vault count percentage of total count
                 A         B        C        D         E       F
            +---------+---------+-------+---------+---------+-------
      Total |     684 |      83 |  10.8 |      91 |       4 |   4.2
            +---------+---------+-------+---------+---------+-------
        D:1 |      20 |       0 |   0.0 |      11 |       0 |   0.0
        D:2 |      52 |       0 |   0.0 |      19 |       0 |   0.0
        D:3 |     275 |      41 |  13.0 |      36 |       3 |   7.7
        D:4 |     261 |      42 |  13.9 |      18 |       1 |   5.3
        D:5 |      76 |       0 |   0.0 |       7 |       0 |   0.0
            +---------+---------+-------+---------+---------+-------
